 Dungeon Crawl Stone Soup version 0.21.1-1-g345015f (webtiles) character file.

41 inc the Changer (level 3, -2/15 HPs)
             Began as a Felid Transmuter on June 18, 2018.
             Slain by an adder (5 damage)
             ... on level 3 of the Dungeon.
             The game lasted 00:02:08 (1894 turns).

inc the Changer (Felid Transmuter)                  Turns: 1894, Time: 00:02:09

Health: -2/15      AC:  1    Str:  6    XL:     3   Next: 32%
Magic:  5/7        EV: 18    Int: 14    God:
Gold:   94         SH:  0    Dex: 17    Spells: 5/6 levels left
                                        Lives:  0   Deaths: 0

rFire    . . .     SeeInvis +     - Unarmed
rCold    . . .     Gourm    .   (shield unavailable)
rNeg     . . .     Faith    .   (armour unavailable)
rPois    +         Spirit   .   (helmet unavailable)
rElec    .         Reflect  .   (cloak unavailable)
rCorr    .         Harm     .   (gloves unavailable)
MR       .....                  (boots unavailable)
Stlth    ++........             (no amulet)
HPRegen  0.05/turn              j - ring of poison resistance
MPRegen  0.10/turn              (no ring)

@: appendage (expiring), very slightly contaminated, quick
A: very small, no armour, no weapons or thrown items, stealth, claws 1, fangs 3,
horns 2, see invisible, carnivore, speed 1, shaggy fur 1, slow metabolism 1,
sharp paws
a: End Transformation


You were on level 3 of the Dungeon.
You were not hungry.
You had grown temporary horns.
You visited 1 branch of the dungeon, and saw 3 of its levels.

You collected 94 gold pieces.

Inventory:

Missiles
 a - 30 arrows
Jewellery
 j - a ring of poison resistance (left paw)
Scrolls
 f - a scroll of enchant weapon {unknown}
 g - a scroll of blinking {unknown}
 i - 2 scrolls of amnesia {unknown}
 k - 2 scrolls of identify {unknown}
 l - a scroll of remove curse {unknown}
Potions
 d - a potion of lignification {unknown}
 e - a potion of mutation {unknown}
 h - a potion of experience {unknown}
 m - a potion of haste {unknown}
Books
 b - a book of Changes

   Spells                             Type                      Level
   a - Beastly Appendage              Transmutation                1
   b - Sticks to Snakes               Transmutation                2
   c - Spider Form                    Transmutation/Poison         3
   d - Ice Form                       Ice/Transmutation            4
   e - Blade Hands                    Transmutation                5
Comestibles
 c - 4 rations


   Skills:
 - Level 1.0 Fighting
 - Level 2.6 Dodging
 - Level 3.0 Unarmed Combat
 - Level 2.0 Spellcasting
 + Level 4.2 Transmutations


You had 5 spell levels left.
You knew the following spells:

 Your Spells              Type           Power        Failure   Level  Hunger
a - Beastly Appendage     Tmut           ##....       4%          1    ##.....


Dungeon Overview and Level Annotations

Branches:
Dungeon (3/15)

Altars:


Innate Abilities, Weirdness & Mutations

You cannot wear armour.
You are incapable of wielding weapons or throwing items.
Your paws allow you to move quietly. (Stealth)
You have sharp claws.
You have razor-sharp teeth.
You have supernaturally acute eyesight. (SInv)
You are carnivorous and can eat meat at any time.
You cover ground quickly.
You are covered in fur. (AC +1)
You have a slow metabolism.
Your sharp claws are effective at attacking unaware monsters.
You have a pair of horns on your head.


Message History

You grow a pair of large bovine horns.
The adder barely misses you.
You barely miss the adder. The adder closely misses you.
You completely miss the adder. The adder barely misses you.
You closely miss the adder.
Your transformation is almost over.
The adder bites you. The adder misses you.
You miss the adder. You bite the adder.
The adder is heavily wounded.
The adder barely misses you.
You barely miss the adder.
The adder is heavily wounded.
The adder bites you.
You scratch the adder but do no damage.
The adder is heavily wounded.
The adder bites you.
* * * LOW HITPOINT WARNING * * *
You scratch the adder. Your bite misses the adder.
The adder is heavily wounded.
The adder bites you.
You die...

############
#..........#######
#.###.............
#.# #.####.######.
#># #.# #.# #. #.#
#.# #.# #. #@# #.#
#.# #. #S# #.#
#.######. #.# #.#
#.#...... #.# #.#
#.#.####.
#w###.####.#.# #.
#...S.$w...#.# #.
#####.######.# #.
#.######.# #.
.........# #.


You could see a worm and an adder.

Vanquished Creatures
  2 dart slugs
  2 leopard geckos (D:2)
  7 bats
  4 goblins
  2 hobgoblins (D:1)
  4 jackals (D:2)
  5 frilled lizards
  3 kobolds
  6 rats
35 creatures vanquished.

Notes
Turn   | Place    | Note
-------+----------+-------------------------------------------
     0 | D:1      | inc the Felid Transmuter began the quest for the Orb.
     0 | D:1      | Reached XP level 1. HP: 9/9 MP: 4/4
   417 | D:1      | Reached skill level 3 in Transmutations
   449 | D:1      | Reached XP level 2. HP: 7/12 MP: 6/6
  1025 | D:2      | Reached XP level 3. HP: 7/15 MP: 7/7
  1286 | D:2      | Reached skill level 4 in Transmutations
  1894 | D:3      | Slain by an adder

Skill      XL: |  1  2  3 |
---------------+----------+-----
Transmutations | 3 4 |  4.2
Fighting       | |  1.0
Dodging        | |  2.6
Unarmed Combat | |  3.0
Spellcasting   | |  2.0

Action                   || total
-------------------------++-------
Melee: Unarmed           ||   102
       Headbutt          ||     2
       Bite              ||     1
 Cast: Beastly Appendage ||     5
 Stab: Distracted        ||     1
       Sleeping          ||     8
  Eat: Chunk             ||     2
Armor: Skin              ||     3
Dodge: Dodged            ||    93
